 Dungeon Crawl Stone Soup version 0.29-a0-294-g83ea962da3 (webtiles) character file.

Game seed: 16637105550181191641

72 Leszczynek the Chopper (level 4, -3/33 HPs)
             Began as a Human Gladiator on Mar 18, 2022.
             Slain by an orc
             ... wielding a +2 falchion of flaming
              (7 damage)
             ... on level 4 of the Dungeon.
             The game lasted 00:05:32 (918 turns).

Leszczynek the Chopper (Human Gladiator)             Turns: 918, Time: 00:05:32

Health: -3/33      AC:  6    Str: 16    XL:     4   Next: 50%
Magic:  4/4        EV: 11    Int:  9    God:
Gold:   139        SH:  0    Dex: 14    Spells: 3/3 levels left

rFire   + . .      SeeInvis .   a - +0 war axe
rCold   + . .      Faith    .   (no shield)
rNeg    . . .      Spirit   .   j - +0 ring mail
rPois   +          Reflect  .   c - +0 helmet
rElec   +          Harm     .   (no cloak)
rCorr   +          Rampage  .   (no gloves)
Will    .....                   (no boots)
Stlth   +.........              (no amulet)
HPRegen 0.11/turn               (no ring)
MPRegen 0.09/turn               (no ring)

@: resistant
A: no striking features
a: no special abilities


You were on level 4 of the Dungeon.
You visited 1 branch of the dungeon, and saw 5 of its levels.

You collected 139 gold pieces.

Inventory:

Hand Weapons
 a - a +0 war axe (weapon)
Missiles
 d - 2 throwing nets (quivered)
 e - a javelin
Armour
 b - a +0 leather armour
 c - a +0 helmet (worn)
 j - a +0 ring mail (worn)
Wands
 i - a wand of flame (15)
Scrolls
 k - a scroll of enchant armour {unknown}
 l - a scroll of noise {unknown}
 m - a scroll of immolation {unknown}
Potions
 f - a potion of ambrosia {unknown}
 g - a potion of curing {unknown}


   Skills:
 - Level 2.0 Fighting
 + Level 5.0 Axes
 - Level 2.0 Throwing
 - Level 3.0 Dodging


You had 3 spell levels left.
You didn't know any spells.
Your spell library contained the following spells:

 Spells                   Type           Power      Damage    Failure   Level
 Blink                    Tloc           0%         N/A       75%         2
 Manifold Assault         Tloc           0%         N/A       100%        5
 Storm Form               Tmut/Air       0%         N/A       100%        7


Dungeon Overview and Level Annotations

Branches:
Dungeon (5/15)
 Temple: D:4-7

Altars:

Annotations:
D:2 Sigmund


Message History

The orc hits you but does no damage.
You climb upwards.
There is a stone staircase leading down here.
You hit the orc.
The orc is almost dead.
The orc closely misses you.
You hit the orc but do no damage.
The orc is almost dead.
The orc hits you but does no damage. The orc hits you with a +0 dagger.
You barely miss the orc.
The orc is almost dead.
The orc hits you but does no damage.
You hit the orc.
You kill the orc!
Your Axes skill increases to level 5!
Things that are here:
a +0 dagger; a +0 chain mail
There is a stone staircase leading down here.
An orc comes into view.
It is wielding a +2 falchion of flaming.
The orc shouts!
You barely miss the orc. The orc closely misses you.
You barely miss the orc.
The orc hits you with a +2 falchion of flaming!
The orc burns you.
You barely miss the orc.
The orc shouts!
The orc hits you with a +2 falchion of flaming!
The orc burns you.
The orc hits you with a +2 falchion of flaming.
* * * LOW HITPOINT WARNING * * *
The orc burns you.
* * * LOW HITPOINT WARNING * * *
Enter note: ????
Enter note: from almost full hp in 3 turns
Enter note: an orc
Enter note: ???????????????
It was a potion of resistance.
You feel protected.
The orc hits you with a +2 falchion of flaming!
You die...

..........#.. #......
##............##......
.##...............>)....
.............#.#..#.....
.............# #.##.#...
.............###.####...
......>........#.##.....
........o......#......##
.......@#............##.
.......###.........####.
....... ##..####.....##.
....... #..#####........
#..........###....#.....
##...#......#..#.##....#
###.#.........###......
..#..#...............
##........#......<.


You could see an orc.

Vanquished Creatures
  An adder (D:4)
  2 dart slugs
  A worm (D:2)
  10 orcs
  6 ball pythons
  2 bats
  2 endoplasms (D:1)
  3 giant cockroaches
  5 goblins
  A hobgoblin (D:2)
  3 quokkas
  A frilled lizard (D:1)
  3 kobolds
  3 rats
43 creatures vanquished.

Notes
Turn   | Place    | Note
-------+----------+-------------------------------------------
     0 | D:1      | Leszczynek the Human Gladiator began the quest for the Orb.
     0 | D:1      | Reached XP level 1. HP: 16/16 MP: 1/1
   109 | D:1      | Reached XP level 2. HP: 8/22 MP: 2/2
   325 | D:3      | Reached skill level 4 in Axes
   325 | D:3      | Reached XP level 3. HP: 17/27 MP: 3/3
   438 | D:1      | You fall into a shaft and drop 1 floor!
   556 | D:2      | Noticed Sigmund
   699 | D:4      | Reached XP level 4. HP: 33/33 MP: 4/4
   878 | D:5      | Entered Level 5 of the Dungeon
   894 | D:4      | Reached skill level 5 in Axes
   917 | D:4      | HP: 6/33 [orc/+2 falchion of flaming (3)]
   918 | D:4      | ????
   918 | D:4      | from almost full hp in 3 turns
   918 | D:4      | an orc
   918 | D:4      | ???????????????
   918 | D:4      | Slain by an orc

Illustrated notes

..........#.. #......
##............##......
.##...............>)....
.............#.#..#.....
.............# #.##.#...
.............###.####...
......>........#.##.....
........o......#......##
.......@#............##.
.......###.........####.
....... ##..####.....##.
....... #..#####........
#..........###....#.....
##...#......#..#.##....#
###.#.........###......
..#..#...............
##........#......<.


Turn 918 on D:4: ????

Levels and vault maps discovered:
D:1:      onia_arrival_handbag, layout_loops_cross, serial_forest,
          infiniplex_forest_straight_3, infiniplex_forest_straight_4,
          infiniplex_forest_clump_medium, infiniplex_forest_end_double,
          infiniplex_forest_straight_3, infiniplex_forest_clump_small,
          infiniplex_forest_clump_tiny
D:2:      layout_loops_cross, grunt_ministairs_6, uniq_sigmund
D:3:      layout_basic, chequers_ecumenical_altar_island, hangedman_decor_points
D:4:      layout_cave_pools
D:5:      layout_rooms, nicolae_ossuary_entry_ruins

Skill      XL: |  1  2  3  4 |
---------------+-------------+-----
Axes           | 4 5 |  5.0
Fighting       | |  2.0
Throwing       | |  2.0
Dodging        | |  3.0

Action                   |  1- 3 |  4- 6 || total
-------------------------+-------+-------++-------
Melee: War axe           |    91 |    30 ||   121
Throw: Throwing net      |     3 |       ||     3
  Use: Potion            |       |     1 ||     1
 Stab: Sleeping          |     3 |       ||     3
       Held in net/web   |     1 |       ||     1
Armor: Leather armour    |    13 |       ||    13
       Ring mail         |    19 |     9 ||    28
Dodge: Dodged            |    57 |    14 ||    71

Table legend: (Time is in decaauts)
 A = Elapsed time spent in this place.
 B = Non-inter-level travel time spent in this place.
 C = Inter-level travel time spent in this place.
 D = Time resting spent in this place.
 E = Time spent auto-exploring this place.
 F = Levels seen in this place.
 G = Mean time per level.
                   A        B        C        D        E       F      G
               +--------+--------+--------+--------+--------+-----+--------+
         Total |    986 |    936 |     50 |      0 |      0 |   5 |  197.2 |
       Dungeon |    986 |    936 |     50 |      0 |      0 |   5 |  197.2 |
               +--------+--------+--------+--------+--------+-----+--------+

Top non-repeatable levels by time:
     D:1: 349 daAuts
     D:4: 231 daAuts
     D:2: 224 daAuts
     D:3: 168 daAuts
     D:5: 11 daAuts
